 Dungeon Crawl Stone Soup version 0.31.0-11-ge490571c62 (webtiles) character file.

Game seed: 14877777580805322150

1455 Arctor the Magician (level 8, -3/41 HPs)
             Began as a Deep Elf Fire Elementalist on Feb 7, 2024.
             Slain by Edmund
             ... wielding a +5 heavy dire flail
              (21 damage)
             ... on level 4 of the Dungeon.
             The game lasted 00:07:28 (6575 turns).

Arctor the Magician (Deep Elf Fire Elementalist)    Turns: 6575, Time: 00:07:29

Health: -3/41      AC:  6    Str:  5    XL:     8   Next: 47%
Magic:  19/19      EV: 14    Int: 23    God:
Gold:   484        SH:  0    Dex: 15    Spells: 9/19 levels left

rFire   + . .        k - +9 falchion "Rehununla" {elec, rPois rC+ rCorr Stlth+}
rCold   + . .        (no shield)
rNeg    . . .        a - +0 robe
rPois   +            (no helmet)
rElec   .            w - scarf {shadows}
rCorr   +            t - +2 pair of gloves
SInv    .            g - +0 pair of boots
Will    .....        (no amulet)
Stlth   ++           u - ring of protection from fire
HPRegen 0.26/turn    (no ring)
MPRegen 0.16/turn

%: no passive effects
@: confused, ambrosia-drunk
A: mutation resistance 1, wild magic 1
a: no special abilities


You were on level 4 of the Dungeon.
You visited 1 branch of the dungeon, and saw 5 of its levels.
You also visited: Ossuary.

You collected 484 gold pieces.

Inventory:

Hand Weapons
 k - the +9 falchion "Rehununla" (weapon) {elec, rPois rC+ rCorr Stlth+}
   (You took it off a hobgoblin on level 2 of the Dungeon)

   rC+:       It protects you from cold.
   rPois:     It protects you from poison rCorr: It protects you from acid and
   corrosion.
   Stlth+:    It makes you more stealthy.
Armour
 a - a +0 robe (worn)
 g - a +0 pair of boots (worn)
 t - a +2 pair of gloves (worn)
 w - a scarf of shadows (worn)
Jewellery
 u - a ring of protection from fire (left hand)
Wands
 s - a wand of mindburst (20)
Scrolls
 c - a scroll of vulnerability
 d - 2 scrolls of enchant weapon
 e - 7 scrolls of teleportation
 f - 4 scrolls of identify
 h - 2 scrolls of enchant armour
 j - a scroll of poison {unknown}
 l - a scroll of blinking {unknown}
 m - 3 scrolls of immolation {unknown}
Potions
 b - 3 potions of magic
 o - 3 potions of heal wounds {unknown}
 p - 3 potions of attraction {unknown}
 q - 2 potions of degeneration {unknown}
 r - a potion of invisibility {unknown}
 v - a potion of curing {unknown}


   Skills:
 + Level 3.3 Long Blades
 + Level 5.7 Dodging
 + Level 6.1 Stealth
 + Level 6.4 Spellcasting
 + Level 4.7 Conjurations
 + Level 5.6 Fire Magic


You had 9 spell levels left.
You knew the following spells:

 Your Spells              Type           Power      Damage    Failure   Level
a - Foxfire               Conj/Fire      100%       2x1d9     2%          1
b - Scorch                Fire           86%        2d8       2%          2
c - Inner Flame           Hex/Fire       26%        N/A       12%         3
d - Flame Wave            Conj/Fire      40%        2d11      14%         4

Your spell library contained the following spells:

 Spells                   Type           Power      Damage    Failure   Level
 Volatile Blastmotes      Fire/Tloc      52%        2d14      12%         3
 Sublimation of Blood     Necr           9%         N/A       17%         2
 Petrify                  Alch/Erth      9%         N/A       71%         4
 Irradiate                Conj/Alch      11%        3d15      73%         5


Dungeon Overview and Level Annotations

Branches:
Dungeon (5/15)            Ossuary (visited)
 Temple: D:4-7

Altars:
Cheibriados

Annotations:
D:4 Edmund
D:5 3 runed translucent doors, Arctor's ghost, novice DEFE


Innate Abilities, Weirdness & Mutations

You are somewhat resistant to further mutation.
Your spells are a little harder to cast, but a little more powerful.


Message History

Edmund is wielding a +5 heavy dire flail.
There are monsters nearby!
You hit Edmund but do no damage.
Edmund hits you with a +5 heavy dire flail!
There are monsters nearby!
You hit Edmund.
Edmund is lightly wounded.
Edmund hits you with a +5 heavy dire flail!
There are monsters nearby!
You are too injured to fight recklessly!
You are too injured to fight recklessly!
There are monsters nearby!
As you read the scroll labelled RECVUL TEIGIOSEBB, it crumbles to dust.
It is a scroll of identify.
h - 2 scrolls of enchant armour
Okay, then.
Okay, then.
Okay, then.
Okay, then.
Casting: Foxfire (safe; 1% risk of failure)
Confirm with . or Enter, or press ? or * to list all spells.
Okay, then.
Okay, then.
You hit Edmund but do no damage.
Edmund is lightly wounded.
Edmund hits you with a +5 heavy dire flail!
* * * LOW HITPOINT WARNING * * *
It was a potion of mutation.
You feel extremely strange.
You feel less in control of your magic.
You feel genetically stable.
Edmund hits you with a +5 heavy dire flail.
* * * LOW HITPOINT WARNING * * *
It was a potion of ambrosia.
You are confused.
You feel invigorated.
You barely miss Edmund.
Edmund is lightly wounded.
Edmund hits you with a +5 heavy dire flail!!
Ouch! That really hurt!
You die...
Edmund whines, "They better pay attention to me now!"

#.#
#.......#
#.#
#.......##
#.#
#.......S#
## #.#
####.###.#
. #.#
#####.## #
#.#
#......#
##. #.#
#......#
##.. #.#
#..@...#
.... #.##
#..@...#
##. #..#
####.###
(. #..
##.# #.# .
# #.# #.#
.## #.#
#.# #.#
..# #..#
#.# #.#
#.# #..#.
#.# #.#
#.# #.##.
#.# #.#
#.####.#..
#)# #.####
#.##.....#


You could see Edmund.

Vanquished Creatures
  Sigmund (D:4)
  Menkaure (D:4)
  A black bear (D:5)
  2 ogres (D:4)
  A phantom (D:5)
  A scorpion (D:5)
  3 bombardier beetles
  A jelly (D:5)
  An orc priest (D:4)
  A gnoll bouda (D:4)
  A sleepcap (D:5)
  5 iguanas
  2 orc wizards
  9 mummies
  9 gnolls
  8 adders
  2 ufetubi (D:5)
  A ribbon worm (D:2)
  2 dart slugs
  10 orcs
  3 bats
  6 endoplasms
  A giant cockroach (D:4)
  A gnoll zombie (Ossuary)
  5 goblins
  8 hobgoblins
  6 quokkas
  2 ball pythons
  3 frilled lizards
  A hobgoblin zombie (Ossuary)
  7 kobolds
  5 kobold zombies
  3 orc zombies
  9 rats
122 creatures vanquished.

Vanquished Creatures (others)
  686 foxfires
686 creatures vanquished.

Grand Total: 808 creatures vanquished

Notes
Turn   | Place    | Note
-------+----------+-------------------------------------------
     0 | D:1      | Arctor the Deep Elf Fire Elementalist began the quest for
                  | the Orb.
     0 | D:1      | Reached XP level 1. HP: 10/10 MP: 6/6
   497 | D:1      | Reached XP level 2. HP: 15/15 MP: 2/8
  1409 | D:2      | Reached XP level 3. HP: 19/19 MP: 4/9
  1808 | D:2      | Reached XP level 4. HP: 24/24 MP: 6/11
  2189 | D:2      | Identified the +9 falchion "Rehununla" {elec, rPois rC+
                  | rCorr Stlth+}
  2565 | D:3      | Found a faded altar of an unknown god.
  2797 | D:3      | You fall into a shaft and drop 2 floors!
  2797 | D:5      | Entered Level 5 of the Dungeon
  2842 | D:5      | Reached XP level 5. HP: 28/28 MP: 5/13
  2953 | D:5      | Reached skill level 1 in Long Blades
  2956 | D:5      | Learned a level 2 spell: Scorch
  3122 | D:5      | Found a sand-covered staircase.
  3156 | Ossuary  | Entered an ossuary
  3343 | Ossuary  | Reached XP level 6. HP: 32/32 MP: 10/14
  4122 | D:5      | Found a runed translucent gate.
  4122 | D:5      | Found a runed translucent gate.
  4122 | D:5      | Found a runed translucent gate.
  4134 | D:5      | Noticed Arctor's ghost (novice DEFE)
  4424 | D:5      | Reached skill level 5 in Spellcasting
  4513 | D:5      | Reached XP level 7. HP: 32/36 MP: 11/16
  4683 | D:5      | Learned a level 3 spell: Inner Flame
  4688 | D:5      | Learned a level 4 spell: Flame Wave
  4727 | D:5      | Reached skill level 5 in Stealth
  5265 | D:4      | Reached skill level 5 in Fire Magic
  5487 | D:4      | Reached skill level 5 in Dodging
  5650 | D:4      | Reached XP level 8. HP: 41/41 MP: 13/18
  6045 | D:3      | Found a snail-covered altar of Cheibriados.
  6284 | D:4      | Noticed Menkaure
  6287 | D:4      | Killed Menkaure
  6288 | D:4      | Noticed Sigmund
  6312 | D:4      | Killed Sigmund
  6561 | D:4      | Noticed Edmund
  6572 | D:4      | Gained mutation: Your spells are a little harder to cast,
                  | but a little more powerful. [potion of mutation]
  6572 | D:4      | Gained mutation: You are somewhat resistant to further
                  | mutation. [potion of mutation]
  6575 | D:4      | Slain by Edmund

Illustrated notes

Levels and vault maps discovered:
D:1:      zaba_arrival_water, layout_basic
D:2:      minmay_evil_eye, layout_basic, minmay_curled_crystal,
          minmay_tiny_reverse_x
D:3:      layout_rooms, lemuel_coloured_pillars_altar,
          hellmonk_ecumenical_altar_arch_garden
D:4:      layout_rooms, gup_sewer_entry_glass, uniq_menkaure, uniq_edmund,
          uniq_duvessa, uniq_sigmund
D:5:      layout_gridville, nicolae_ossuary_entry_giza,
          ebering_ghost_rock_garden

Skill      XL: |  1  2  3  4  5  6  7  8 |
---------------+-------------------------+-----
Stealth        | 3 4 5 6 |  6.1
Dodging        | 3 4 5 |  5.7
Conjurations   | 2 3 4 |  4.7
Spellcasting   | 4 5 6 |  6.4
Fire Magic     | 4 5 |  5.6
Long Blades    | 1 2 3 |  3.3

Action                     |  1- 3 |  4- 6 |  7- 9 || total
---------------------------+-------+-------+-------++-------
  Melee: Falchion          |       |     8 |    23 ||    31
   Cast: Foxfire           |   106 |   187 |   112 ||   405
         Scorch            |       |    10 |    30 ||    40
    Use: Scroll            |       |     2 |     2 ||     4
         Potion            |       |       |     3 ||     3
   Stab: Sleeping          |       |     2 |       ||     2
 Armour: Robe              |     5 |    17 |    44 ||    66
  Dodge: Dodged            |    11 |     5 |    51 ||    67
